 Dungeon Crawl Stone Soup version 0.15.0-23-gc2b521c (webtiles) character file.

90 Bloax the Cutter (level 4, 0/23 HPs)
             Began as a Vine Stalker Chaos Knight on Sept 7, 2014.
             Was a Plaything of Xom.
             Succumbed to a scorpion's poison
             ... on Level 4 of the Dungeon.
             The game lasted 00:04:34 (961 turns).

Bloax the Cutter (Vine Stalker Chaos Knight)         Turns: 961, Time: 00:04:34

HP   0/23        AC  7     Str 14      XL: 4   Next: 56%
MP   1/17        EV 10     Int 12      God: Xom
Gold 94          SH  0     Dex 15      Spells:  2 memorised,  3 levels left

rFire  . . .     SeeInvis .     a - +0 short sword (chaos)
rCold  . . .     Clarity  .     b - +2 leather armour
rNeg   . . .     rCorr    .     (no shield)
rPois  .         rRot     +     (no helmet)
rElec  .         Spirit   +     (no cloak)
SustAb .         Warding  .     k - +0 pair of gloves
rMut   .         Stasis   .     d - +0 pair of boots (curse)
Gourm  .                        (no amulet)
MR     .....                    (no ring)
                                f - ring of magical power

@: lethally poisoned, not resistant to hostile enchantments, unstealthy
A: fangs 2, regeneration 1, magic shield, antimagic bite, no device heal 3, rot
immunity
a: Renounce Religion


You were on level 4 of the Dungeon.
You worshipped Xom.
You were a toy of Xom.
You were full.

You visited 1 branch of the dungeon, and saw 4 of its levels.

You collected 94 gold pieces.


Innate Abilities, Weirdness & Mutations

You have extremely sharp teeth.
Your natural rate of healing is unusually fast.
When hurt, damage is shared between your health and your magic reserves.
Your bite disrupts and absorbs the magic of your enemies.
Potions and wands cannot restore your health.
You are immune to rotting.


   Skills:
 - Level 2.6 Fighting
 + Level 3.5 Short Blades
 - Level 1.5 Armour
 - Level 0.7 Dodging
 + Level 2.5 Stealth
 + Level 2.2 Spellcasting


You had 3 spell levels left.
You knew the following spells:

 Your Spells              Type           Power        Failure   Level  Hunger
a - Blink                 Tloc           N/A          38%         2    ###....
b - Repel Missiles        Chrm/Air       #.....       38%         2    ###....


Dungeon Overview and Level Annotations

Branches:
Dungeon (4/15)
 Temple: D:4-7

Altars:

Inventory:

Hand weapons
 a - a +0 short sword of chaos (weapon)
Armour
 b - a +2 leather armour (worn)
 d - a cursed +0 pair of boots (worn)
   (You found it on level 1 of the Dungeon)
 k - a +0 pair of gloves (worn)
   (You found it on level 3 of the Dungeon)
Comestibles
 c - 2 bread rations
 l - a meat ration
Scrolls
 e - a scroll of amnesia
 g - a scroll of immolation {unknown}
 h - a scroll of fog {unknown}
 j - a scroll of magic mapping {unknown}
 o - 2 scrolls of recharging {unknown}
 q - a scroll of identify {unknown}
Jewellery
 f - a ring of magical power (left hand)
   (You found it on level 1 of the Dungeon)
Potions
 i - a potion of resistance {unknown}
 m - a potion of cancellation {unknown}
 n - a potion of haste {unknown}
Books
 p - a book of Minor Magic
   (You found it on level 3 of the Dungeon)

   Spells                             Type                      Level
   Magic Dart                         Conjuration                  1
   *Blink                             Translocation                2
   Call Imp                           Summoning                    2
   *Repel Missiles                    Charms/Air                   2
   Slow                               Hexes                        2
   Conjure Flame                      Conjuration/Fire             3
   Mephitic Cloud                     Conjuration/Poison/Air       3

#### ### ..... ... ...#
#.# #.####### #.#
########.......# #.####
...............####.....
.........)..(...((....#
.......s@..(....#.....###
................#.....'..
.........#######.....###
..(......# #.....#
.........# #.....#
........# #.....#
...?...# ####### ......#
# .....# #


You could see a scorpion (berserk).


Message History

The kobold throws a stone.
The stone hits you but does no damage.
You see here a stone.
The kobold throws a stone.
The stone misses you.
The kobold throws a stone.
The stone barely misses you.
The kobold throws a stone.
The stone hits you but does no damage.
A bat skeleton comes into view.
You see here a stone.
The bat skeleton hits you but does no damage.
The bat skeleton closely misses you.
The kobold throws a stone.
The stone hits you but does no damage.
Found a scroll labeled GICHUSK THRUO.
You see here a stone.
The bat skeleton hits you.
The bat skeleton hits you but does no damage.
The kobold barely misses you.
The bat skeleton hits you but does no damage.
Found 7 tomahawks.
Unknown command.
The bat skeleton hits you but does no damage. x2
The kobold hits you but does no damage. The bat skeleton barely misses you.
You hit the kobold.
The kobold is moderately wounded.
The bat skeleton hits you but does no damage. x2
The kobold closely misses you.
The bat skeleton hits you but does no damage.
The bat skeleton hits you but does no damage.
The kobold closely misses you.
The bat skeleton hits you but does no damage.
You hit the kobold.
There is a sudden explosion of sparks!
You kill the kobold!
The bat skeleton closely misses you. x2
A scorpion comes into view.
You hit the bat skeleton but do no damage.
The bat skeleton appears confused.
Unknown command.
The bat skeleton completely misses you.
The bat skeleton hits itself.
Unknown command.
You hit the bat skeleton.
You heal the bat skeleton.
The bat skeleton is completely healed.
Xom thinks this is hilarious!
You bite the bat skeleton. You drain its power. You hit the bat skeleton.
You destroy the bat skeleton!
The scorpion stings you!
You hit the scorpion.
You spin around.
The scorpion is lightly wounded.
The scorpion stings you!
You are poisoned.
The scorpion poisons you!
You hit the scorpion.
The scorpion is poisoned.
You bite the scorpion. You drain its power.
You feel invigorated.
The scorpion is heavily wounded.
You feel sick.
The scorpion stings you but does no damage.
You hit the scorpion.
The scorpion goes berserk!
The scorpion is heavily wounded.
You feel sick. The scorpion stings you.
* * * LOW HITPOINT WARNING * * *
You hit the scorpion but do no damage.
The scorpion looks even sicker.
The scorpion is severely wounded.
You feel sick. The scorpion stings you!
* * * LOW HITPOINT WARNING * * *
The scorpion stings you!
* * * LOW HITPOINT WARNING * * *
You are more poisoned.
The scorpion poisons you!
You closely miss the scorpion.
The scorpion is severely wounded.
You die...
Xom chuckles heartily!

Action                   |  1- 3 |  4- 6 || total
-------------------------+-------+-------++-------
Melee: Short sword       |   129 |    53 ||   182
  Use: Scroll            |     2 |       ||     2
 Stab: Sleeping          |     2 |       ||     2
       Confused          |     1 |     1 ||     2
  Eat: Fruit             |     5 |       ||     5
       Beef jerky        |       |     1 ||     1

Vault maps used:
D:1:      roderic_chinese_lattice_arrival
D:3:      first_bread, dk_noncrumbling_1
D:4:      makhleb_grotto_becter

Notes
Turn   | Place    | Note
--------------------------------------------------------------
     0 | D:1      | Bloax, the Vine Stalker Chaos Knight, began the quest for the Orb.
     0 | D:1      | Reached XP level 1. HP: 11/11 MP: 1/1
    32 | D:1      | XOM: potion effect (brilliance)
    81 | D:1      | Reached skill level 1 in Spellcasting
   111 | D:1      | Reached XP level 2. HP: 16/16 MP: 4/4
   158 | D:2      | Reached skill level 3 in Short Blades
   161 | D:2      | Reached skill level 1 in Stealth
   213 | D:2      | Reached XP level 3. HP: 13/19 MP: 5/5
   249 | D:2      | XOM: harmless Chrm miscast
   375 | D:3      | Reached skill level 2 in Stealth
   579 | D:3      | Reached skill level 2 in Spellcasting
   603 | D:3      | Learned a level 2 spell: Blink
   606 | D:3      | Learned a level 2 spell: Repel Missiles
   637 | D:3      | Reached XP level 4. HP: 20/23 MP: 8/8
   736 | D:3      | XOM: divination: detect items
   960 | D:4      | HP: 1/23 [scorpion (6)]
   961 | D:4      | Succumbed to a scorpion's poison

Vanquished Creatures
  2 adders
  An inept item mimic (D:3)
  3 worms (D:2)
  A giant gecko (D:3)
  2 orcs (D:3)
  5 bats
  2 bat skeletons (D:4)
  3 giant cockroaches
  3 goblins
  2 hobgoblins (D:3)
  7 jackals
  4 kobolds
  2 quokkas
  A ball python (D:4)
  2 giant newts
  4 rats
44 creatures vanquished.
